 Dungeon Crawl Stone Soup version 0.21.1-1-g345015fe64 (webtiles) character file.

763 Kohma the Shield-Bearer (level 7, 0/44 HPs)
             Began as a Gargoyle Fighter on June 19, 2018.
             Was an Initiate of Makhleb.
             Slain by Prince Ribbit (8 damage)
             ... on level 4 of the Dungeon.
             The game lasted 00:11:00 (4517 turns).

Kohma the Shield-Bearer (Gargoyle Fighter)          Turns: 4517, Time: 00:11:01

Health: 0/44       AC: 17    Str: 22    XL:     7   Next: 81%
Magic:  7/7        EV:  4    Int:  8    God:    Makhleb [......]
Gold:   316        SH: 10    Dex: 11    Spells: 6/6 levels left

rFire    . . .     SeeInvis .   a - +0 flail
rCold    . . .     Gourm    .   c - +0 shield
rNeg     + + .     Faith    .   n - +0 plate armour
rPois    ∞         Spirit   .   (no helmet)
rElec    +         Reflect  .   (no cloak)
rCorr    .         Harm     .   (no gloves)
MR       .....                  (no boots)
Stlth    ..........             (no amulet)
HPRegen  0.14/turn              e - +2 ring of dexterity
MPRegen  0.10/turn              u - ring of positive energy

@: no status effects
A: negative energy resistance 1, electricity resistance, unbreathing,
petrification resistance, rot immunity, AC +4
a: Renounce Religion


You were on level 4 of the Dungeon.
You worshipped Makhleb.
Makhleb was noncommittal.
You were not hungry.

You visited 2 branches of the dungeon, and saw 6 of its levels.

You collected 316 gold pieces.

Inventory:

Hand Weapons
 a - a +0 flail (weapon)
 r - a +3 spear
Missiles
 p - a throwing net (quivered)
Armour
 c - a +0 shield (worn)
 n - a +0 plate armour (worn)
 x - a cursed -1 chain mail
Jewellery
 e - a +2 ring of dexterity (left hand)
 g - an uncursed ring of ice
 u - a ring of positive energy (right hand)
Wands
 v - a wand of polymorph (13)
 w - a wand of enslavement (14)
Scrolls
 b - a scroll of identify
 h - a scroll of fog
 i - 2 scrolls of magic mapping
 m - a scroll of remove curse
 o - 2 scrolls of immolation
 q - a scroll of amnesia
 y - a scroll of teleportation
Potions
 d - a potion of might
 j - a potion of haste
 l - a potion of heal wounds
 s - 2 potions of lignification
 t - a potion of brilliance {unknown}
 z - a potion of resistance {unknown}
Comestibles
 f - 4 rations
 k - 4 chunks of flesh


   Skills:
 + Level 5.0 Fighting
 * Level 5.1 Maces & Flails
 + Level 4.9 Armour
 * Level 6.2 Shields


You had 6 spell levels left.
You didn't know any spells.

Dungeon Overview and Level Annotations

Branches:
Dungeon (5/15)             Temple (1/1) D:4

Altars:
Ashenzari
Cheibriados
Dithmenos
Elyvilon
Gozag
Hepliaklqana
Kikubaaqudgha
Makhleb
Nemelex Xobeh
Qazlal
Ru
Sif Muna
Trog
Uskayaw
Vehumet
Wu Jian
Xom
Yredelemnul
Zin
Beogh

Annotations:
D:4 Prince Ribbit


Innate Abilities, Weirdness & Mutations

You are resistant to torment.
Your stone body is resilient. (AC +4)
You are immune to poison.
You resist negative energy. (rN+)
You are resistant to electric shocks. (rElec)
You can survive without breathing.
You are immune to petrification.
You are immune to rotting.


Message History

Prince Ribbit hits you but does no damage.
You block the ogre's attack. Prince Ribbit hits you!
You hit the ogre but do no damage.
The ogre is severely wounded.
You block Prince Ribbit's attack. The ogre barely misses you.
Prince Ribbit hits you. You block the ogre's attack.
Prince Ribbit blinks!
The crimson imp blinks!
There is a stone staircase leading up here.
You block Prince Ribbit's attack. You block the ogre's attack.
Prince Ribbit hits you.
You climb upwards.
There is a stone staircase leading down here.
Prince Ribbit asks, "Just a little smooch?"
The ogre hits you with a giant club!
* * * LOW HITPOINT WARNING * * *
You block Prince Ribbit's attack.
Prince Ribbit croaks regally.
Prince Ribbit hits you!
You die...

..## ##....### ##.##
#### ### #.......# #..#
#... ..####.......#
##.#### #...
#..##........#
#....###...
##..#........#
##..........
##..........##
###..######...
##..........# ###...##
#...
#...........####...)..#
#...
##..........##.@FO.>...#
##..
#...............####)..#
#.. #............####
#...# #.. #..........###
#...# ### #........#..#
#...# ###.#######.#
##### ### ###


You could see Prince Ribbit and an ogre.

Vanquished Creatures
  4 ogres
  A jelly (D:5)
  A bullfrog skeleton (D:4)
  A hound (D:4)
  4 orc priests
  An orc wizard (D:4)
  2 worker ants (D:5)
  A gnoll (D:1)
  4 adders
  An ooze (D:4)
  2 worms
  4 dart slugs
  A leopard gecko (D:4)
  6 orcs
  A ball python (D:1)
  6 bats
  2 giant cockroaches (D:4)
  12 goblins
  8 hobgoblins
  3 jackals (D:1)
  8 kobolds
  2 quokkas (D:3)
  2 frilled lizards
  8 rats
85 creatures vanquished.

Notes
Turn   | Place    | Note
-------+----------+-------------------------------------------
     0 | D:1      | Kohma the Gargoyle Fighter began the quest for the Orb.
     0 | D:1      | Reached XP level 1. HP: 14/14 MP: 1/1
    97 | D:1      | Reached XP level 2. HP: 17/19 MP: 2/2
   226 | D:1      | Reached XP level 3. HP: 22/23 MP: 3/3
   904 | D:1      | Reached skill level 4 in Shields
  1091 | D:2      | Reached XP level 4. HP: 23/29 MP: 4/4
  2091 | D:3      | Reached XP level 5. HP: 10/33 MP: 5/5
  2313 | D:3      | Found a sacrificial altar of Ru.
  2313 | D:3      | Noticed an ogre
  2321 | D:3      | Killed an ogre
  2323 | D:3      | Reached XP level 6. HP: 18/38 MP: 6/6
  2661 | D:3      | Found a shattered altar of Ashenzari.
  2661 | D:3      | Found a deep blue altar of Sif Muna.
  3021 | D:4      | Found a roughly hewn altar of Beogh.
  3031 | D:4      | Reached skill level 5 in Shields
  3116 | D:4      | Found a glowing silver altar of Zin.
  3163 | D:4      | Found a staircase to the Ecumenical Temple.
  3195 | Temple   | Entered the Ecumenical Temple
  3245 | Temple   | Became a worshipper of Makhleb the Destroyer
  3961 | D:4      | Reached XP level 7. HP: 40/44 MP: 7/7
  4141 | D:5      | Entered Level 5 of the Dungeon
  4150 | D:4      | Reached skill level 6 in Shields
  4347 | D:4      | Reached skill level 5 in Maces & Flails
  4460 | D:5      | Reached skill level 5 in Fighting
  4494 | D:5      | Noticed Prince Ribbit
  4517 | D:4      | Slain by Prince Ribbit

Skill      XL: |  1  2  3  4  5  6  7 |
---------------+----------------------+-----
Shields        | 4 5 6 |  6.2
Maces & Flails | 3 4 5 |  5.1
Fighting       | 4 5 |  5.0
Armour         | 4 |  4.9

Action                   |  1- 3 |  4- 6 |  7- 9 || total
-------------------------+-------+-------+-------++-------
Melee: Flail             |   110 |   240 |    58 ||   408
  Use: Scroll            |       |    11 |     1 ||    12
  Eat: Ration            |     1 |     1 |       ||     2
       Chunk             |       |     3 |     2 ||     5
Armor: Scale mail        |    39 |       |       ||    39
       Plate armour      |    43 |   168 |    35 ||   246
Dodge: Dodged            |    32 |    26 |     8 ||    66
Block: Shield            |    78 |   116 |    45 ||   239
